 Seeded DCSS version 0.30-a0-585-g93115170b9 (webtiles) character file.

Game seed: 15413956842306844747 (custom seed)

427 purpskrrrp the Covert (level 6, -4/32 HPs)
             Began as a Spriggan Delver on Jan 1, 2023.
             Was an Initiate of Ru.
             Slain by an ogre
             ... wielding a +0 giant club
              (25 damage)
             ... on level 5 of the Dungeon.
             The game lasted 00:11:09 (3785 turns).

purpskrrrp the Covert (Spriggan Delver)             Turns: 3785, Time: 00:11:10

Health: -4/32      AC:  2    Str:  8    XL:     6   Next: 65%
Magic:  7/7        EV: 20    Int: 11    God:    Ru [......]
Gold:   278        SH:  0    Dex: 19    Spells: 5/5 levels left

rFire   . . .      SeeInvis +    h - +9 rapier of Xaiq {flame, rElec}
rCold   . . .      Faith    .    (no shield)
rNeg    . . .      Spirit   .    b - +0 robe
rPois   .          Reflect  .    (helmet restricted)
rElec   +          Harm     .    (no cloak)
rCorr   .          Rampage  .    (gloves unavailable)
Will    +....                    (boots unavailable)
Stlth   +++++                    (no amulet)
HPRegen 0.25/turn                (no ring)
MPRegen 0.10/turn                (no ring)

@: very quick
A: very small, no large weapons, unfitting armour, see invisible, speed 3
a: Renounce Religion


You were on level 5 of the Dungeon.
You worshipped Ru.
Ru was noncommittal.
You visited 1 branch of the dungeon, and saw 10 of its levels.

You collected 278 gold pieces.

Inventory:

Hand Weapons
 a - a +0 short sword
 f - a +0 rapier
 h - the +9 rapier of Xaiq (weapon) {flame, rElec}
   (You found it on level 10 of the Dungeon)

   It burns those it strikes, dealing additional fire damage.
   rElec:     It insulates you from electricity.
Missiles
 i - 2 javelins
 s - a throwing net (quivered)
Armour
 b - a +0 robe (worn)
Jewellery
 j - a +5 ring of evasion
 r - a ring of resist corrosion
Wands
 g - a wand of digging (3)
Scrolls
 c - 7 scrolls of identify
 e - a scroll of blinking
 o - 2 scrolls of enchant armour
 q - a scroll of amnesia
Potions
 d - 3 potions of brilliance
 k - a potion of invisibility
 l - a potion of attraction
 m - a potion of ambrosia
 n - a potion of flight
 p - a potion of haste


   Skills:
 - Level 2.4 Fighting
 + Level 4.6 Short Blades
 + Level 5.6 Dodging
 * Level 10.0 Stealth


You had 5 spell levels left.
You didn't know any spells.
Your spell library contained the following spells:

 Spells                   Type           Power      Damage    Failure   Level
 Animate Dead             Necr           0%         N/A       98%         4
 Borgnjor's Vile Clutch   Necr/Erth      0%         N/A       100%        5
 Death Channel            Necr           0%         N/A       100%        6


Dungeon Overview and Level Annotations

Branches:
Dungeon (10/15)            Temple (0/1) D:5
   Lair: D:8-11         Orc: D:9-12

Altars:
Ru

Shops:
D:1 (

Annotations:
D:8 Erica


Innate Abilities, Weirdness & Mutations

You are very small and have problems with some larger weapons.
You are too small for most types of armour.
You have supernaturally acute eyesight. (SInv)
You cover ground extremely quickly. (Speed+++)


Message History

s - a throwing net You see here a +0 giant club.
There is an open door here.
There is an open door here.
c - 6 scrolls of identify (gained 1)
Found a chain mail.
You see here a +0 chain mail.
Found a stone staircase leading down.
You now have 246 gold pieces (gained 7).
Done exploring.
Done exploring.
Done exploring.
There is a stone staircase leading down here.
You climb downwards.
Found a ring mail and a scroll of identify.
There is a stone staircase leading up here.
You now have 261 gold pieces (gained 15).
You see here a +0 ring mail.
c - 7 scrolls of identify (gained 1)
Found a stone staircase leading down.
Found a scale mail.
Found a staircase to the Ecumenical Temple.
You now have 278 gold pieces (gained 17).
An ogre comes into view. It is wielding a +0 giant club.
The ogre shouts!
Found a scroll labelled VUULYFEIR.
You barely miss the ogre. The ogre hits you with a +0 giant club!
You hit the ogre. You burn the ogre.
The ogre is lightly wounded.
The ogre barely misses you.
You closely miss the ogre.
The ogre is lightly wounded.
You barely miss the ogre.
The ogre is lightly wounded.
The ogre misses you.
You puncture the ogre! You burn the ogre.
The ogre is severely wounded.
The ogre hits you with a +0 giant club!!
Ouch! That really hurt!
You die...

..#...... ..
.........##.....#
..#....#
..#.#.##.......##...#
#<....#
.......#....#.......#
...####
...#.#.#...###......#
...# .....#....##
####.### ....
.........## ### .....
..##....## ......
...#....## .......
.......@.# ......##
.......O## ###.##..#
#. .... # .....
?.....# ..###### ..#


You could see an ogre.

Vanquished Creatures
  An ogre (D:4)
  A gnoll sergeant (D:4)
  Natasha (thrice) (D:2)
  8 gnolls
  4 adders
  A shadow imp (D:4)
  4 worms
  A dart slug (D:1)
  4 bats
  2 endoplasms
  10 giant cockroaches
  5 goblins
  5 hobgoblins
  8 jackals
  A quokka (D:2)
  6 ball pythons
  4 frilled lizards
  6 kobolds
  6 rats
80 creatures vanquished.

Notes
Turn   | Place    | Note
-------+----------+-------------------------------------------
     0 | D:5      | purpskrrrp the Spriggan Delver began the quest for the Orb.
     0 | D:5      | Reached XP level 1. HP: 11/11 MP: 2/2
    14 | D:7      | Noticed an ice beast
    14 | D:7      | Noticed a bullfrog
    28 | D:7      | Noticed a steam dragon
    49 | D:8      | Noticed Erica
    54 | D:8      | Noticed a wight
    57 | D:8      | Noticed a gnoll bouda
    57 | D:8      | Noticed a wight
    57 | D:8      | Noticed a wight
    58 | D:8      | Noticed a wight
   103 | D:10     | Entered Level 10 of the Dungeon
   103 | D:10     | Noticed an orc warrior
   103 | D:10     | Noticed an orc wizard
   103 | D:10     | Noticed an orc wizard
   103 | D:10     | Noticed an orc priest
   191 | D:9      | Noticed a kobold brigand
   231 | D:10     | Identified the +9 rapier of Xaiq {flame, rElec}
   301 | D:8      | Noticed an orc wizard
   301 | D:8      | Noticed an orc priest
   357 | D:9      | Noticed an orc warrior
   357 | D:9      | Noticed an orc priest
   380 | D:8      | Noticed a centaur
   399 | D:8      | Noticed a steam dragon
   466 | D:7      | Noticed a hound
   550 | D:3      | Reached XP level 2. HP: 16/16 MP: 3/3
   798 | D:1      | Reached XP level 3. HP: 19/19 MP: 4/4
  1354 | D:1      | Found Bavagouz's Weapon Shop.
  1542 | D:2      | Noticed Natasha
  1551 | D:2      | Reached skill level 8 in Stealth
  1552 | D:2      | Killed Natasha
  1553 | D:2      | Reached XP level 4. HP: 5/23 MP: 5/5
  1580 | D:2      | Noticed Natasha
  1656 | D:2      | Killed Natasha
  1692 | D:2      | Noticed Natasha
  1698 | D:2      | Killed Natasha
  1744 | D:2      | Reached XP level 5. HP: 27/27 MP: 6/6
  1842 | D:2      | Found a faded altar of an unknown god.
  2704 | D:3      | Found a sacrificial altar of Ru.
  2722 | D:3      | Became a worshipper of Ru the Awakened
  2885 | D:4      | Reached skill level 9 in Stealth
  2891 | D:4      | Reached skill level 5 in Dodging
  2928 | D:4      | HP: 1/27 [gnoll sergeant/+0 trident (15)]
  2929 | D:4      | Reached XP level 6. HP: 1/32 MP: 7/7
  3442 | D:4      | Reached skill level 10 in Stealth
  3772 | D:5      | Found a staircase to the Ecumenical Temple.
  3785 | D:5      | Slain by an ogre

Illustrated notes

Levels and vault maps discovered:
D:1:      eino_arrival_tree_alley, layout_loops_cross, serial_shops,
          nicolae_shop_behind_doors
D:2:      layout_basic, shapermc_ecumenical_altar_pompeii, uniq_natasha
D:3:      minmay_roachtagon, layout_basic, mainiacjoe_overflow_chevrons
D:4:      layout_cave_pools, chequers_arboretum, kennysheep_generic_room_10
D:5:      layout_cave_pools, minmay_temple_entry_sparse_star,
          hangedman_decor_diamond_cutter, uniq_crazy_yiuf_cottage, uniq_menkaure
D:6:      layout_loops_ring, hangedman_decor_push, minmay_misc_feat_cross
D:7:      layout_gridville, lemuel_doored_altar, hangedman_minor_gate_pass
D:8:      layout_basic, lair_entry_dummy, minmay_fountain_box,
          nicolae_underground_beach, uniq_gastronok, uniq_erica
D:9:      layout_roguey, grunt_dithmenos_smoke_and_mirrors
D:10:     layout_basic, kennysheep_ying_yang,
          gammafunk_temple_overflow_elements, mainiacjoe_overflow_alcove_2,
          nrook_mini_vaults, minivault_21, hex_tiny

Skill      XL: |  1  2  3  4  5  6 |
---------------+-------------------+-----
Dodging        | 3 4 5 |  5.6
Short Blades   | 3 4 |  4.6
Stealth        | 8 9 10 | 10.0
Fighting       | |  2.4

Action                   |  1- 3 |  4- 6 || total
-------------------------+-------+-------++-------
Melee: Rapier            |    47 |    91 ||   138
Throw: Throwing net      |       |     1 ||     1
  Use: Scroll            |     4 |     8 ||    12
       Potion            |     2 |       ||     2
 Stab: Sleeping          |    15 |     7 ||    22
       Distracted        |       |     2 ||     2
       Held in net/web   |       |     1 ||     1
Armor: Robe              |     2 |     6 ||     8
Dodge: Dodged            |    29 |    77 ||   106

Table legend: (Time is in decaauts)
 A = Elapsed time spent in this place.
 B = Non-inter-level travel time spent in this place.
 C = Inter-level travel time spent in this place.
 D = Time resting spent in this place.
 E = Time spent auto-exploring this place.
 F = Levels seen in this place.
 G = Mean time per level.
                   A        B        C        D        E       F      G
               +--------+--------+--------+--------+--------+-----+--------+
         Total |   2565 |   2396 |    169 |    421 |   1291 |  10 |  256.5 |
       Dungeon |   2565 |   2396 |    169 |    421 |   1291 |  10 |  256.5 |
               +--------+--------+--------+--------+--------+-----+--------+

Top non-repeatable levels by time:
     D:3: 845 daAuts
     D:2: 630 daAuts
     D:1: 407 daAuts
     D:4: 342 daAuts
     D:9: 120 daAuts
     D:7: 71 daAuts
     D:5: 60 daAuts
    D:10: 50 daAuts
     D:8: 29 daAuts
     D:6: 8 daAuts
